 Dungeon Crawl Stone Soup version 0.17-a0-1184-gb75be8f (webtiles) character file.

3807 Vivisectus the Thaumaturge (level 9, -4/45 HPs)
             Began as a Deep Elf Conjurer on June 1, 2015.
             Was a Follower of Sif Muna.
             Slain by kal9871's ghost (13 damage)
             ... on level 8 of the Dungeon.
             The game lasted 00:58:33 (9920 turns).

Vivisectus the Thaumaturge (Deep Elf Conjurer)      Turns: 9920, Time: 00:58:33

Health: -4/45      AC: 10    Str:  5    XL:     9   Next: 96%
Magic:  13/25      EV: 16    Int: 23    God:    Sif Muna [*.....]
Gold:   366        SH:  0    Dex: 16    Spells: 5 memorised, 13 levels left

rFire  x . .     SeeInvis .     f - +1 dagger
rCold  . . .     Clarity  .     t - +2 robe {MR+}
rNeg   . . .     SustAt   .     (no shield)
rPois  .         Gourm    .     y - +2 helmet "Itibb" {rF- Regen+ Slay+2}
rElec  .         Spirit   .     l - +2 cloak
rCorr  .         Warding  .     (no gloves)
rMut   .         Stasis   .     (no boots)
MR     +....                    (no amulet)
Stlth  ++........               (no ring)
                                (no ring)

@: somewhat resistant to hostile enchantments, unstealthy
A: no striking features
a: Channel Energy, Renounce Religion


You were on level 8 of the Dungeon.
You worshipped Sif Muna.
Sif Muna was aware of your devotion.
You were hungry.

You visited 2 branches of the dungeon, and saw 9 of its levels.

You collected 366 gold pieces.

Inventory:

Hand weapons
 f - a +1 dagger (weapon)
 o - a cursed +0 falchion
 x - a +0 long sword of flaming
Armour
 a - a +0 robe
 l - a +2 cloak (worn)
 q - a +0 cloak
 t - a +2 robe of magic resistance (worn)
 y - the +2 helmet "Itibb" (worn) {rF- Regen+ Slay+2}
   (You found it on level 5 of the Dungeon)

   It affects your accuracy and damage with ranged weapons and melee attacks
   (+2).
   It makes you vulnerable to fire.
   It increases your rate of regeneration.
Magical staves
 D - an uncursed staff of fire
Jewellery
 v - an uncursed ring of fire
Magical devices
 r - a wand of disintegration (12)
 s - a wand of confusion (19)
 w - a wand of random effects (27)
Scrolls
 e - 2 scrolls of identify
 g - a scroll of teleportation
 m - 3 scrolls of recharging
 u - 2 scrolls of remove curse
 A - a scroll of fear
 F - 2 scrolls of acquirement {unknown}
Potions
 d - 3 potions of mutation {unknown}
 h - 3 potions of curing
 i - a potion of heal wounds {unknown}
 k - a potion of lignification {unknown}
 n - a potion of haste {unknown}
 p - a potion of degeneration {unknown}
 z - a potion of flight {unknown}
 B - a potion of beneficial mutation {unknown}
 C - a potion of agility {unknown}
 E - a potion of cure mutation {unknown}
 G - a potion of might {unknown}
Books
 b - a book of Conjurations

   Spells                             Type                      Level
   a - Magic Dart                     Conjuration                  1
   b - Searing Ray                    Conjuration                  2
   c - Dazzling Spray                 Conjuration/Hexes            3
   d - Fulminant Prism                Conjuration/Hexes            4
   e - Iskenderun's Mystic Blast      Conjuration                  4
   f - Iskenderun's Battlesphere      Conjuration/Charms           5
 I - a book of Summonings

   Spells                             Type                      Level
   a - Recall                         Summoning/Translocation      3
   b - Aura of Abjuration             Summoning                    5
   c - Shadow Creatures               Summoning                    5
   d - Summon Demon                   Summoning                    5
   e - Summon Forest                  Summoning/Translocation      5
   f - Summon Mana Viper              Hexes/Summoning              5
Comestibles
 c - 7 bread rations
 j - 4 meat rations
 H - 7 slices of pizza


   Skills:
 - Level 6.1 Dodging
 - Level 2.4 Stealth
 + Level 10.7 Spellcasting
 - Level 9.3 Conjurations
 - Level 8.7 Hexes
 * Level 4.4 Summonings


You had 13 spell levels left.
You knew the following spells:

 Your Spells              Type           Power        Failure   Level  Hunger
a - Magic Dart            Conj           ####         1%          1    None
b - Searing Ray           Conj           ######       1%          2    None
c - Dazzling Spray        Conj/Hex       ######..     1%          3    None
d - Iskenderun's Battles  Conj/Chrm      ####....     24%         5    ####...
e - Shadow Creatures      Summ           N/A          24%         5    ####...


Dungeon Overview and Level Annotations

Branches:
Dungeon (8/15)             Temple (1/1) D:7
   Lair: D:8-11

Altars:
Cheibriados
Dithmenos
Elyvilon
Fedhas
Gozag
Kikubaaqudgha
Makhleb
Okawaru
Ru
Sif Muna
Xom
The Shining One

Annotations:
D:7 Fluffy's ghost, experienced DsGl
D:8 kal9871's ghost, experienced HOAK


Message History

Kal9871's ghost hits you!!
The searing ray hits kal9871's ghost.
Kal9871's ghost is moderately damaged.
The orc warrior is no longer blind.
Kal9871's ghost whispers, "Death doesn't hurt.
What you feel is life." Kal9871's ghost hits you!
* * * LOW HITPOINT WARNING * * *
A crimson imp comes into view.
Kal9871's ghost hits you!
* * * LOW HITPOINT WARNING * * *
The crimson imp shouts!
Casting: Searing Ray
Confirm with . or Enter, or press ? or * to list all spells.
Aiming: Dazzling Spray
Press: ? - help, Shift-Dir - straight line, f - crimson imp, p - kal9871's ghost
Aim: a crimson imp The spray of energy misses the crimson imp.
The crimson imp hits you but does no damage.
Kal9871's ghost hits you!
You die...

######## ##......##
#........#####
#..........##.
############.......#....
......5@Wo.....###.####.
##########.....# #.# ##
#......##.###
#####........##
####....##. #.##.)..
#....... #...#.#.. #.#
#.##.


You could see an orc warrior, kal9871's ghost and a crimson imp.

Vanquished Creatures
  Pikel (D:7)
  A hill giant (D:6)
  A troll (D:6)
  3 humans
  Menkaure (D:7)
  3 slaves (D:6)
  A necrophage (D:6)
  A phantom (D:6)
  3 sky beasts
  An ogre (D:8)
  3 giant frogs
  A jelly (D:6)
  4 scorpions
  3 wights
  2 crimson imps
  8 orc priests
  2 hounds
  A giant frog skeleton (D:6)
  7 orc wizards
  3 worker ants
  An iguana (D:4)
  Natasha (D:2)
  4 sheep (D:7)
  A mummy (D:7)
  A gnoll (D:5)
  8 adders
  A shadow imp (D:7)
  4 oozes
  An adder skeleton (D:5)
  25 orcs
  A ball python (D:4)
  A bat skeleton (D:4)
  A bat zombie (D:5)
  9 goblins
  12 hobgoblins
  4 quokkas
  4 bats
  4 giant cockroaches
  4 giant geckos
  6 giant newts
  9 kobolds
  A quokka skeleton (D:5)
  12 rats
165 creatures vanquished.

Vanquished Creatures (others)
  An orc (D:7)
1 creature vanquished.

Grand Total: 166 creatures vanquished

Notes
Turn   | Place    | Note
--------------------------------------------------------------
     0 | D:1      | Vivisectus the Deep Elf Conjurer began the quest for the Orb.
     0 | D:1      | Reached XP level 1. HP: 10/10 MP: 6/6
   121 | D:1      | Reached XP level 2. HP: 13/15 MP: 2/8
   671 | D:1      | Reached skill level 5 in Conjurations
   714 | D:1      | Learned a level 2 spell: Searing Ray
   827 | D:2      | Reached XP level 3. HP: 1/19 MP: 1/10
  1476 | D:2      | Found a shimmering altar of Xom.
  1606 | D:2      | Noticed Natasha
  1614 | D:2      | Killed Natasha
  1614 | D:2      | Reached XP level 4. HP: 12/24 MP: 5/12
  1967 | D:2      | Learned a level 3 spell: Dazzling Spray
  2250 | D:3      | Reached skill level 5 in Spellcasting
  2719 | D:3      | Reached skill level 1 in Hexes
  2847 | D:3      | Reached XP level 5. HP: 12/28 MP: 2/14
  3117 | D:4      | Reached skill level 6 in Conjurations
  3248 | D:4      | Found a shadowy altar of Dithmenos.
  3666 | D:4      | Reached XP level 6. HP: 24/32 MP: 6/16
  3961 | D:4      | Learned a level 5 spell: Iskenderun's Battlesphere
  4896 | D:5      | Entered Level 5 of the Dungeon
  4899 | D:5      | Found a white marble altar of Elyvilon.
  4910 | D:5      | Got a crude helmet
  4912 | D:5      | Identified the +2 helmet "Itibb" {rF- Regen+ Slay+2} (You found it on level 5 of the Dungeon)
  4988 | D:5      | Reached XP level 7. HP: 21/36 MP: 10/18
  4996 | D:5      | Reached skill level 7 in Conjurations
  5330 | D:5      | Found a sacrificial altar of Ru.
  5499 | D:5      | Reached skill level 5 in Hexes
  6163 | D:6      | Reached XP level 8. HP: 41/41 MP: 3/21
  6338 | D:6      | Found a burning altar of Makhleb.
  6466 | D:6      | Found a glowing golden altar of the Shining One.
  6490 | D:6      | Reached skill level 8 in Conjurations
  7004 | D:7      | Noticed a hill giant
  7006 | D:7      | Noticed Pikel
  7135 | D:6      | Killed a hill giant
  7135 | D:6      | Reached skill level 9 in Spellcasting
  7731 | D:7      | Reached XP level 9. HP: 45/45 MP: 15/24
  7794 | D:7      | Noticed Fluffy's ghost (experienced DsGl)
  8044 | D:7      | Killed Pikel
  8117 | D:7      | Found a snail-covered altar of Cheibriados.
  8231 | D:7      | Reached skill level 5 in Dodging
  8453 | D:7      | HP: 2/45 [Fluffy's ghost (10)]
  8770 | D:7      | Reached skill level 10 in Spellcasting
  8778 | D:7      | Learned a level 5 spell: Shadow Creatures
  9057 | D:7      | Found a staircase to the Ecumenical Temple.
  9093 | D:7      | Noticed Menkaure
  9108 | D:7      | Killed Menkaure
  9108 | D:7      | Reached skill level 1 in Summonings
  9174 | Temple   | Entered the Ecumenical Temple
  9228 | Temple   | Became a worshipper of Sif Muna the Loreminder
  9715 | D:8      | Found an iron altar of Okawaru.
  9849 | D:8      | Acquired Sif Muna's first power
  9881 | D:8      | Noticed kal9871's ghost (experienced HOAK)
  9920 | D:8      | Slain by kal9871's ghost

Vault maps used:
D:1:      ncdulo_smallfort, supply_closet_lemuel, minmay_misc_feat_encased,
          kennysheep_pointless_box
D:2:      lemuel_crystal_altar, minmay_tree_intersection, uniq_natasha
D:4:      nicolae_dithmenos_shadow_blocks
D:5:      elyvilon_altar_4, lemuel_round_altar, first_bread,
          grunt_ministairs_15, st_stairs_7
D:6:      kennysheep_little_box, basic_altar
D:7:      slow_altar_1, minmay_temple_entry_butterflies, grunt_livestock,
          uniq_menkaure, uniq_pikel
D:8:      kennysheep_big_flooded_room, okawaru_humans, david_lair_shrubbed,
          nicolae_ossuary_entry_catacombs, roderic_lattice_a,
          kennysheep_generic_room_6, uniq_maurice, uniq_joseph, uniq_erica
Temple:   oiseaux_autumnal_temple_12

Action                   |  1- 3 |  4- 6 |  7- 9 || total
-------------------------+-------+-------+-------++-------
Melee: Unarmed           |     1 |       |       ||     1
       Dagger            |     5 |    21 |    40 ||    66
 Cast: Magic Dart        |    48 |    27 |    21 ||    96
       Searing Ray       |     4 |    23 |    18 ||    45
       Dazzling Spray    |       |    23 |   149 ||   172
       Iskenderun's Batt |       |       |     1 ||     1
Invok: Channel Energy    |       |       |     2 ||     2
Evoke: Wand              |       |       |     1 ||     1
  Use: Scroll            |       |     2 |     9 ||    11
       Potion            |       |       |     1 ||     1
 Stab: Sleeping          |     1 |       |     2 ||     3
       Invisible         |       |     2 |     3 ||     5
  Eat: Chunk             |     2 |     7 |     4 ||    13
       Fruit             |       |     3 |     3 ||     6
       Meat ration       |       |       |     1 ||     1
       Beef jerky        |       |       |     3 ||     3
